 Dungeon Crawl Stone Soup version 0.31-a0-210-gccc998df9b (webtiles) character file.

Game seed: 8071491933741025795

331 Ofeo the Chopper (level 6, -1/54 HPs)
             Began as an Armataur Reaver on June 30, 2023.
             Slain by an orc wizard
             ... wielding a +0 dagger of flaming
              (3 damage)
             ... on level 4 of the Dungeon.
             The game lasted 00:03:03 (4172 turns).

Ofeo the Chopper (Armataur Reaver)                  Turns: 4172, Time: 00:03:04

Health: -1/54      AC: 12    Str: 19    XL:     6   Next: 26%
Magic:  9/9        EV:  6    Int: 13    God:
Gold:   74         SH:  0    Dex:  9    Spells: 8/9 levels left

rFire   . . .        d - +0 war axe
rCold   + . .        (no shield)
rNeg    . . .        k - +0 chain mail
rPois   .            g - +0 helmet
rElec   .            (no cloak)
rCorr   .            (no gloves)
SInv    .            (no barding)
Will    .....        (no amulet) Stlth
                     f - +4 ring of protection
HPRegen 0.29/turn    n - ring of protection from cold
MPRegen 0.11/turn

%: roll
@: no status effects
A: large, rugged brown scales 3, deformed body, armoured tail, roll, long
tongue, awkward tongue
a: no special abilities


You were on level 4 of the Dungeon.
You visited 1 branch of the dungeon, and saw 4 of its levels.

You collected 113 gold pieces.
You spent 39 gold pieces at shops.

Inventory:

Hand Weapons
 a - a +0 hand axe
 d - a +0 war axe (weapon)
Missiles
 l - 2 throwing nets
Armour
 b - a +0 leather armour
 g - a +0 helmet (worn)
 k - a +0 chain mail (worn)
Jewellery
 f - a +4 ring of protection (left hand)
 j - a ring of ice
 n - a ring of protection from cold (right hand)
 o - a ring of ice
 s - a ring of wizardry
Scrolls
 e - a scroll of noise
 i - 4 scrolls of identify {@r1}
 p - a scroll of enchant weapon {unknown}
 r - a scroll of revelation {unknown}
Potions
 c - a potion of invisibility
 h - a potion of resistance {unknown}
 m - a potion of experience
 q - 6 potions of curing {@q1}


   Skills:
 + Level 3.6 Fighting
 + Level 3.7 Axes
 + Level 3.0 Dodging
 - Level 2.0 Spellcasting
 - Level 3.0 Conjurations


You had 8 spell levels left.
You knew the following spells:

 Your Spells              Type           Power      Damage    Failure   Level
a - Kiss of Death         Conj/Necr      20%        2d7       80%         1

Your spell library contained the following spells:

 Spells                   Type           Power      Damage    Failure   Level
 Momentum Strike          Conj/Tloc      10%        3d8       90%         2
 Apportation              Tloc           2%         N/A       94%         1
 Necrotise                Necr           4%         1d4       94%         1
 Summon Small Mammal      Summ           4%         N/A       94%         1
 Lesser Beckoning         Tloc           2%         N/A       98%         2
 Hailstorm                Conj/Ice       5%         3d4       99%         3
 Gell's Gravitas          Tloc           1%         N/A       100%        3
 Teleport Other           Tloc           1%         N/A       100%        3


Dungeon Overview and Level Annotations

Branches:
Dungeon (4/15)
 Temple: D:4-7

Altars:
Sif Muna
Uskayaw

Shops:
D:2 !


Innate Abilities, Weirdness & Mutations

You are completely covered in rugged brown scales. (AC +3, +7% HP)
Armour fits poorly on your strangely shaped body.
You have a long armoured tail.
You roll when moving toward enemies. (Rampage)
Your long tongue fully drains potion bottles. (2x potion effects)
Your tongue gives you trouble enunciating. (1.5x scroll delay)


Message History

* * * LOW HITPOINT WARNING * * *
Something hits you but does no damage.
You take 3 damage, and have 16/54 hp.
You barely miss the orc wizard.
The orc wizard is moderately wounded.
You barely miss something.
The orc wizard hits you but does no damage.
Something hits you but does no damage.
You barely miss the orc wizard.
The orc wizard is moderately wounded.
You closely miss something.
The orc wizard hits you but does no damage.
You hear some strange, mumbled words.
A puff of flame appears from out of thin air!
The puff of flame hits you.
* * * LOW HITPOINT WARNING * * *
You hear some strange, mumbled words.
Something tries to affect you, but you resist.
The orc wizard hits you with a +0 dagger of flaming.
* * * LOW HITPOINT WARNING * * *
The orc wizard burns you.
* * * LOW HITPOINT WARNING * * *
You take 6 damage, and have 10/54 hp.
You slash the orc wizard!
The orc wizard is almost dead.
You closely miss something.
The orc wizard hits you but does no damage.
You hear some strange, mumbled words.
A magic dart appears from out of thin air!
The magic dart hits you!
* * * LOW HITPOINT WARNING * * *
You take 9 damage, and have 1/54 hp.
You closely miss the orc wizard.
The orc wizard is almost dead.
You miss something.
The orc wizard hits you but does no damage.
Something hits you but does no damage.
The orc wizard attacks as you move away!
The orc wizard hits you with a +0 dagger of flaming.
You die...

.....>...# .o.
........## #.#
##.....## #.#
##...## #.# ##'##
#.# #.# #o# #.# #o#
##.############{#
###.............@o#
##.....############
.##.[.## #.##.##
.###.# .....#
######


You could see an orc wizard and 2 orcs.

Vanquished Creatures
  3 orc priests
  An orc wizard (D:3)
  3 gnolls (D:2)
  9 adders
  A worm (D:2)
  4 dart slugs
  8 orcs (D:3)
  7 ball pythons
  7 endoplasms
  3 giant cockroaches
  3 hobgoblins
  7 quokkas
  9 bats
  6 frilled lizards
  10 goblins
  4 kobolds
  9 rats
94 creatures vanquished.

Notes
Turn   | Place    | Note
-------+----------+-------------------------------------------
     0 | D:1      | Ofeo the Armataur Reaver began the quest for the Orb.
     0 | D:1      | Reached XP level 1. HP: 18/18 MP: 3/3
   142 | D:1      | Reached XP level 2. HP: 19/25 MP: 4/4
  1019 | D:1      | Reached XP level 3. HP: 31/31 MP: 6/6
  1504 | D:2      | Reached XP level 4. HP: 28/39 MP: 7/7
  2116 | D:2      | Found Dixtu's Distillery.
  2131 | D:2      | Bought a potion of curing for 39 gold pieces
  2359 | D:3      | Reached XP level 5. HP: 43/47 MP: 8/8
  3491 | D:4      | Reached XP level 6. HP: 54/54 MP: 9/9
  3502 | D:4      | Found a hide-covered altar of Uskayaw.
  3504 | D:4      | Found a shimmering blue altar of Sif Muna.
  4170 | D:4      | HP: 1/54 [something/magic dart (9)]
  4172 | D:4      | Slain by an orc wizard

Illustrated notes

Levels and vault maps discovered:
D:1:      scummos_arrival_simple_fountains, layout_basic, minmay_pentomino_q4
D:2:      layout_rooms, serial_forest, infiniplex_forest_corner_1,
          infiniplex_forest_clump_double, infiniplex_forest_straight_2,
          infiniplex_forest_straight_1, infiniplex_forest_end_double,
          infiniplex_forest_clump_curved, infiniplex_forest_clump_diagonal,
          serial_shops, shop
D:3:      layout_basic, corexii_shack
D:4:      layout_loops_corners, mainiacjoe_overflow_catwalk_spiral

Skill      XL: |  1  2  3  4  5  6 |
---------------+-------------------+-----
Fighting       | 2 3 |  3.6
Spellcasting   | 2 |  2.0
Conjurations   | 3 |  3.0
Dodging        | 2 3 |  3.0
Axes           | 3 |  3.7

Action                     |  1- 3 |  4- 6 || total
---------------------------+-------+-------++-------
  Melee: Hand axe          |    29 |       ||    29
         War axe           |    87 |   175 ||   262
         Tailslap          |    10 |    10 ||    20
         Punch             |       |     4 ||     4
    Use: Scroll            |       |     3 ||     3
 Armour: Leather armour    |    72 |       ||    72
         Chain mail        |    14 |   139 ||   153
  Dodge: Dodged            |    57 |    55 ||   112

Table legend: (Time is in decaauts)
 A = Elapsed time spent in this place.
 B = Non-inter-level travel time spent in this place.
 C = Inter-level travel time spent in this place.
 D = Time resting spent in this place.
 E = Time spent auto-exploring this place.
 F = Levels seen in this place.
 G = Mean time per level.
                   A        B        C        D        E       F      G
               +--------+--------+--------+--------+--------+-----+--------+
         Total |   4267 |   4044 |    223 |      6 |   3404 |   4 | 1066.8 |
       Dungeon |   4267 |   4044 |    223 |      6 |   3404 |   4 | 1066.8 |
               +--------+--------+--------+--------+--------+-----+--------+

Top non-repeatable levels by time:
     D:1: 1389 daAuts
     D:3: 1192 daAuts
     D:2: 974 daAuts
     D:4: 711 daAuts
